 Dungeon Crawl Stone Soup version 0.30-a0-964-gd452b5e7fa (webtiles) character file.

Game seed: 14733858403743543929

61 Dirtsage the Chopper (level 3, -2/29 HPs)
             Began as a Demonspawn Fighter on Mar 30, 2023.
             Slain by Terence
             ... wielding a +0 hand axe
              (4 damage)
             ... on level 2 of the Dungeon.
             The game lasted 00:02:26 (1403 turns).

Dirtsage the Chopper (Demonspawn Fighter)           Turns: 1403, Time: 00:02:27

Health: -2/29      AC:  7    Str: 18    XL:     3   Next: 83%
Magic:  3/3        EV:  9    Int:  9    God:
Gold:   72         SH:  5    Dex: 16    Spells: 2/2 levels left

rFire   . . .      SeeInvis .    a - +0 war axe
rCold   + . .      Faith    .    c - +0 buckler
rNeg    . . .      Spirit   .    b - +0 scale mail
rPois   .          Reflect  .    e - +0 helmet
rElec   .          Rampage  .    (no cloak)
rCorr   +                        (no gloves)
Will    .....                    (no boots)
Stlth   ++                       (no amulet)
HPRegen 0.24/turn                C - ring of resist corrosion
MPRegen 0.08/turn                I - ring of protection from cold

@: no status effects
A: thin skeletal structure 2
a: no special abilities


You were on level 2 of the Dungeon.
You visited 1 branch of the dungeon, and saw 2 of its levels.

You collected 72 gold pieces.

Inventory:

Hand Weapons
 a - a +0 war axe (weapon)
Armour
 b - a +0 scale mail (worn)
 c - a +0 buckler (worn)
 e - a +0 helmet (worn)
Jewellery
 C - a ring of resist corrosion (left hand)
 I - a ring of protection from cold (right hand)
Scrolls
 f - 2 scrolls of blinking {unknown}
 g - a scroll of noise {unknown}
 h - a scroll of enchant weapon {unknown}
 j - a scroll of amnesia {unknown}
Potions
 d - 2 potions of might
 i - a potion of mutation {unknown}


   Skills:
 - Level 3.0 Fighting
 + Level 3.8 Axes
 - Level 2.6 Armour
 - Level 2.6 Shields


You had 2 spell levels left.
You didn't know any spells.
Your spell library contained the following spells:

 Spells                   Type           Power      Damage    Failure   Level
 Apportation              Tloc           0%         N/A       86%         1
 Necrotise                Necr           0%         1d4       86%         1
 Summon Small Mammal      Summ           0%         N/A       86%         1
 Blade Hands              Tmut           0%         N/A       100%        5
 Irradiate                Conj/Tmut      0%         3d11      100%        5
 Dragon Form              Tmut           0%         N/A       100%        7


Dungeon Overview and Level Annotations

Branches:
Dungeon (2/15)

Altars:

Shops:
D:1 [

Annotations:
D:2 Terence


Innate Abilities, Weirdness & Mutations

You have a moderately thin skeletal structure. (Dex +4, Stealth++)


Message History

You have nothing you can fire or use right now.
Unknown command.
You escape the roots grasp.
Terence zaps a wand.
The roots erupt in riotous growth!
The grasping roots grab you! The grasping roots constrict you.
You take 3 damage, and have 23/29 hp.
You escape the roots grasp.
A kobold comes into view. It is wielding a +0 whip.
The kobold shouts!
Terence hits you but does no damage.
You hit Terence.
Terence is lightly wounded.
Terence barely misses you.
You hit Terence but do no damage.
Terence is lightly wounded.
Terence says, "Don't bother to defend, it's pointless."
Terence zaps a wand.
The roots erupt in riotous growth!
The grasping roots grab you!
Terence is unaffected.
The grasping roots constrict you. Terence hits you but does no damage.
The grasping roots constrict you.
You take 7 damage, and have 17/29 hp.
MASSIVE DAMAGE!!
You hit Terence.
Terence is heavily wounded.
Terence hits you with a +0 hand axe. The grasping roots constrict you.
You take 5 damage, and have 12/29 hp.
You slash Terence!
Terence is severely wounded.
Terence hits you with a +0 hand axe.
* * * LOW HITPOINT WARNING * * *
The grasping roots constrict you.
* * * LOW HITPOINT WARNING * * *
Terence barely misses you. The grasping roots constrict you.
* * * LOW HITPOINT WARNING * * *
The grasping roots release their grip on you.
You take 10 damage, and have 2/29 hp.
MASSIVE DAMAGE!!
You closely miss Terence.
Terence is severely wounded.
Terence hits you with a +0 hand axe.
You die...

######### #### #.......#
..... #.......#
....[.##.......## #
.....K@@.......>#####.#.
......##........(.......
..... #..............#
#### #######........#
##.####### #.#
#.######## #####
#......... ....#
#####.###.....


You could see Terence and a kobold.

Vanquished Creatures
  2 adders (D:2)
  2 worms (D:2)
  A dart slug (D:1)
  3 ball pythons
  3 bats
  4 endoplasms
  A giant cockroach (D:1)
  7 goblins
  4 frilled lizards
  3 kobolds (D:1)
  5 rats
35 creatures vanquished.

Notes
Turn   | Place    | Note
-------+----------+-------------------------------------------
     0 | D:1      | Dirtsage the Demonspawn Fighter began the quest for the
                  | Orb.
     0 | D:1      | Reached XP level 1. HP: 18/18 MP: 1/1
   195 | D:1      | Gained mutation: You have a somewhat thin skeletal
                  | structure. (Dex +2, Stealth+) [demonic ancestry]
   195 | D:1      | Reached XP level 2. HP: 17/24 MP: 2/2
   375 | D:1      | Found Lymihi's Armour Emporium.
   921 | D:1      | Found a faded altar of an unknown god.
  1043 | D:2      | Gained mutation: You have a moderately thin skeletal
                  | structure. (Dex +4, Stealth++) [demonic ancestry]
  1043 | D:2      | Reached XP level 3. HP: 21/29 MP: 3/3
  1394 | D:2      | Noticed Terence
  1403 | D:2      | Slain by Terence

Illustrated notes

Levels and vault maps discovered:
D:1:      minmay_arrival_four_loops, layout_basic, serial_shops, shop,
          shapermc_ecumenical_altar_mp_urbaneastern, moated_statue, minivault_5,
          minmay_tetromino_s4
D:2:      layout_basic, uniq_terence

Skill      XL: |  1  2 |
---------------+-------+-----
Axes           | 2 3 |  3.8
Fighting       | |  3.0
Armour         | |  2.6
Shields        | |  2.6

Action                     || total
---------------------------++-------
  Melee: War axe           ||    89
   Stab: Sleeping          ||     1
 Armour: Scale mail        ||    41
  Dodge: Dodged            ||    35
  Block: Buckler           ||    23

Table legend: (Time is in decaauts)
 A = Elapsed time spent in this place.
 B = Non-inter-level travel time spent in this place.
 C = Inter-level travel time spent in this place.
 D = Time resting spent in this place.
 E = Time spent auto-exploring this place.
 F = Levels seen in this place.
 G = Mean time per level.
                   A        B        C        D        E       F      G
               +--------+--------+--------+--------+--------+-----+--------+
         Total |   1438 |   1419 |     19 |      0 |   1164 |   2 |  719.0 |
       Dungeon |   1438 |   1419 |     19 |      0 |   1164 |   2 |  719.0 |
               +--------+--------+--------+--------+--------+-----+--------+

Top non-repeatable levels by time:
     D:1: 966 daAuts
     D:2: 471 daAuts
